 Dungeon Crawl Stone Soup version 0.24.0-13-gcf9b3192b9 (webtiles) character file.

Game seed: 13391354497748891121, levelgen mode: deterministic

1541 erloom the Magician (level 8, -20/96 HPs)
             Began as a Gnoll Wanderer on Nov 10, 2019.
             Was a Follower of Cheibriados.
             Demolished by an orc warrior
             ... wielding a +0 flail
              (22 damage)
             ... on level 6 of the Dungeon.
             The game lasted 00:18:23 (6954 turns).

erloom the Magician (Gnoll Wanderer)                Turns: 6954, Time: 00:18:24

Health: -20/96     AC: 24    Str: 11    XL:     8   Next: 86%
Magic:  17/17      EV:  2    Int: 19    God:    Cheibriados [*.....]
Gold:   270        SH:  7    Dex: 26    Spells: 19/19 levels left

rFire    + . .     SeeInvis .   a - +2 war axe of Ynumn {chop, rF+ Str-3 Dex+7}
rCold    . . .     Gourm    .   d - +0 buckler
rNeg     + + +     Faith    .   (armour currently unavailable)
rPois    +         Spirit   .   (helmet currently unavailable)
rElec    .         Reflect  .   (cloak currently unavailable)
rCorr    .         Harm     .   (gloves currently unavailable)
MR       .....     NoTele   +   (boots currently unavailable)
Stlth    ++++......             (no amulet)
HPRegen  0.26/turn              o - ring of positive energy
MPRegen  0.15/turn              (no ring)

@: tree-form, very slow
A: distributed training, strong nose
a: Bend Time, Renounce Religion


You were on level 6 of the Dungeon.
You worshipped Cheibriados.
Cheibriados was aware of your devotion.
You were not hungry.
You were a tree.
You visited 2 branches of the dungeon, and saw 7 of its levels.

You collected 270 gold pieces.

Inventory:

Hand Weapons
 a - the +2 war axe of Ynumn (weapon) {chop, rF+ Str-3 Dex+7}
   (You found it on level 4 of the Dungeon)

   It inflicts extra damage upon your enemies.
   It affects your strength (-3).
   It affects your dexterity (+7).
   It protects you from fire.
 b - a +0 hunting sling
Missiles
 m - 249 stones
 n - 22 poisoned darts
 v - 2 curare-tipped darts (quivered)
Armour
 d - a +0 buckler (worn)
 e - a +0 helmet of see invisible (melded)
 s - a +0 ring mail
 x - a +0 cloak (melded)
 C - a +0 scale mail (melded)
 E - a +0 pair of boots (melded)
Jewellery
 l - an uncursed ring of fire
 o - a ring of positive energy (left branch)
Wands
 k - a wand of flame (10)
 w - a wand of paralysis (16)
Scrolls
 h - 2 scrolls of teleportation
 j - 3 scrolls of enchant weapon
 r - 2 scrolls of identify
 t - a scroll of remove curse
 y - a scroll of blinking {unknown}
 A - 4 scrolls of fog
 D - a scroll of amnesia {unknown}
 F - a scroll of random uselessness {unknown}
 I - a scroll of enchant armour
Potions
 c - a potion of lignification
 g - a potion of brilliance
 i - a potion of heal wounds {unknown}
 q - 2 potions of invisibility {unknown}
 u - 3 potions of flight {unknown}
 z - 2 potions of curing {unknown}
 B - 4 potions of degeneration {unknown}
 G - a potion of magic {unknown}
Comestibles
 f - 11 rations


   Skills:
 + Level 5.9 Fighting
 + Level 4.4 Short Blades
 + Level 3.5 Long Blades
 + Level 3.5 Axes
 + Level 3.5 Maces & Flails
 + Level 3.5 Polearms
 + Level 3.5 Staves
 + Level 3.5 Slings
 + Level 3.5 Bows
 + Level 3.5 Crossbows
 + Level 4.4 Throwing
 + Level 3.5 Armour
 + Level 3.5 Dodging
 + Level 5.5 Stealth
 + Level 4.4 Shields
 + Level 3.5 Unarmed Combat
 + Level 6.2 Spellcasting
 + Level 2.9 Conjurations
 + Level 2.9 Hexes
 + Level 2.9 Charms
 + Level 2.9 Summonings
 + Level 2.9 Necromancy
 + Level 3.7 Translocations
 + Level 2.9 Transmutations
 + Level 2.9 Fire Magic
 + Level 2.9 Ice Magic
 + Level 2.9 Air Magic
 + Level 2.9 Earth Magic
 + Level 2.9 Poison Magic
 + Level 3.9 Invocations
 + Level 3.5 Evocations


You had 19 spell levels left.
You didn't know any spells.
Your spell library was empty.

Dungeon Overview and Level Annotations

Branches:
Dungeon (6/15)             Temple (1/1) D:4

Altars:
Ashenzari
Cheibriados
Dithmenos
Fedhas
Gozag
Okawaru
Ru
Trog
Xom
Zin
The Shining One


Innate Abilities, Weirdness & Mutations

Your experience applies equally to all skills.
((You have very sharp teeth.))
Your uncanny sense of smell can sniff out nearby items.


Message History

You hit the giant cockroach.
You kill the giant cockroach!
Cheibriados appreciates the change of pace.
An adder comes into view.
You block the orc warrior's attack.
Unknown command.
Unknown command.
You hit the orc warrior.
The orc warrior is moderately wounded.
You block the orc warrior's attack.
The orc warrior hits you with a +0 flail.
* * * LOW HITPOINT WARNING * * *
The adder bites you but does no damage.
Unknown command.
Unknown command.
You closely miss the orc warrior.
The orc warrior is moderately wounded.
You miss the adder.
The orc warrior hits you with a +0 flail!!
You die...

.. #......##
...#####...(...#
∆..............###
###
###.####..........
....
##.....##.#)####..#
.....#.8...8.# #.#
##.#
.....#.......###.#
#.#
#..S.._.....#.###
#.. #o♣.....#.....#
##) #.8...8.#.....#
#. ∆
##.....##.....# ##
###.####.....#
#.####.....#
#..........#
############


You could see an orc warrior (berserk) and an adder.

Vanquished Creatures
  Grinder (D:3)
  An ice beast (D:5)
  A phantom (D:6)
  A sky beast (D:6)
  An ogre (D:6)
  A centaur (D:6)
  A howler monkey (D:5)
  A bullfrog zombie (D:5)
  3 hounds
  A jelly (D:6)
  Crazy Yiuf (D:3)
  2 bullfrog skeletons
  5 orc priests
  4 orc wizards
  Jessica (D:3)
  5 worker ants
  4 gnolls
  7 adders
  3 oozes
  2 adder skeletons
  3 dart slugs
  2 leopard geckos
  26 orcs
  10 bats
  2 giant cockroaches
  11 goblins
  6 hobgoblins
  6 jackals
  11 kobolds
  2 quokkas (D:4)
  A ball python zombie (D:6)
  2 frilled lizards
  2 jackal skeletons (D:4)
  2 quokka skeletons (D:4)
  11 rats
143 creatures vanquished.

Notes
Turn   | Place    | Note
-------+----------+-------------------------------------------
     0 | D:1      | erloom the Gnoll Wanderer began the quest for the Orb.
     0 | D:1      | erloom set off with the following items: a +2 dagger, 2
                  | curare-tipped darts, a potion of lignification, a +0
                  | buckler, a +0 robe, a ration
     0 | D:1      | Reached XP level 1. HP: 20/20 MP: 6/6
   231 | D:1      | Reached XP level 2. HP: 26/26 MP: 7/7
  1058 | D:1      | Reached skill level 5 in Spellcasting
  1058 | D:1      | Reached XP level 3. HP: 31/31 MP: 7/9
  1336 | D:2      | Reached skill level 1 in Invocations
  1352 | D:2      | Reached skill level 1 in Long Blades
  1352 | D:2      | Reached skill level 1 in Axes
  1352 | D:2      | Reached skill level 1 in Maces & Flails
  1352 | D:2      | Reached skill level 1 in Polearms
  1352 | D:2      | Reached skill level 1 in Staves
  1352 | D:2      | Reached skill level 1 in Slings
  1352 | D:2      | Reached skill level 1 in Bows
  1352 | D:2      | Reached skill level 1 in Crossbows
  1352 | D:2      | Reached skill level 1 in Armour
  1352 | D:2      | Reached skill level 1 in Dodging
  1352 | D:2      | Reached skill level 1 in Unarmed Combat
  1352 | D:2      | Reached skill level 1 in Evocations
  1481 | D:2      | Reached XP level 4. HP: 37/38 MP: 11/11
  2046 | D:2      | Reached skill level 1 in Conjurations
  2046 | D:2      | Reached skill level 1 in Hexes
  2046 | D:2      | Reached skill level 1 in Charms
  2046 | D:2      | Reached skill level 1 in Summonings
  2046 | D:2      | Reached skill level 1 in Necromancy
  2046 | D:2      | Reached skill level 1 in Transmutations
  2046 | D:2      | Reached skill level 1 in Fire Magic
  2046 | D:2      | Reached skill level 1 in Ice Magic
  2046 | D:2      | Reached skill level 1 in Air Magic
  2046 | D:2      | Reached skill level 1 in Earth Magic
  2046 | D:2      | Reached skill level 1 in Poison Magic
  2494 | D:3      | Reached XP level 5. HP: 39/43 MP: 12/12
  2633 | D:3      | Found a runed translucent door.
  2634 | D:3      | Noticed Crazy Yiuf
  2642 | D:3      | Killed Crazy Yiuf
  2689 | D:3      | Noticed Jessica
  2724 | D:3      | Killed Jessica
  2952 | D:3      | Noticed Grinder
  2962 | D:3      | Reached XP level 6. HP: 48/50 MP: 13/13
  2991 | D:3      | HP: 1/75 [Grinder (6)]
  2995 | D:3      | Killed Grinder
  2995 | D:3      | Reached skill level 5 in Fighting
  3330 | D:3      | Reached XP level 7. HP: 52/56 MP: 15/15
  4606 | D:4      | Reached skill level 5 in Stealth
  5054 | D:4      | Got an ebony war axe
  5057 | D:4      | Identified the cursed +2 war axe of Ynumn {chop, rF+ Str-3
                  | Dex+7} (You found it on level 4 of the Dungeon)
  5093 | D:4      | Found a staircase to the Ecumenical Temple.
  5614 | D:5      | Entered Level 5 of the Dungeon
  5658 | D:5      | Reached XP level 8. HP: 47/63 MP: 16/16
  5775 | Temple   | Entered the Ecumenical Temple
  5790 | Temple   | Became a worshipper of Cheibriados the Contemplative
  6587 | D:6      | Reached skill level 6 in Spellcasting
  6643 | D:6      | Reached * piety under Cheibriados
  6925 | D:6      | Found an opulent altar of Gozag.
  6951 | D:6      | HP: 4/96 [orc warrior/+0 flail (5)]
  6954 | D:6      | Demolished by an orc warrior

Levels and vault maps discovered:
D:1:      nagdon_arrival_double_spiral, layout_basic
D:2:      layout_basic, minmay_mini_jars
D:3:      layout_basic, uniq_crazy_yiuf_cottage, uniq_jessica, uniq_grinder
D:4:      layout_basic, minmay_temple_entry_from_below_b, minivault_26
D:5:      layout_cave_pods, first_ration
D:6:      layout_rooms, grunt_gozag_statues, cheibriados_altar_1
Temple:   nicolae_temple_the_god_donut

Skill      XL: |  1  2  3  4  5  6  7  8 |
---------------+-------------------------+-----
Translocations | 2 3 |  3.7
Spellcasting   | 5 6 |  6.2
Invocations    | 1 2 3 |  3.9
Long Blades    | 1 2 3 |  3.5
Axes           | 1 2 3 |  3.5
Maces & Flails | 1 2 3 |  3.5
Polearms       | 1 2 3 |  3.5
Staves         | 1 2 3 |  3.5
Slings         | 1 2 3 |  3.5
Bows           | 1 2 3 |  3.5
Crossbows      | 1 2 3 |  3.5
Armour         | 1 2 3 |  3.5
Dodging        | 1 2 3 |  3.5
Unarmed Combat | 1 2 3 |  3.5
Evocations     | 1 2 3 |  3.5
Conjurations   | 1 2 |  2.9
Hexes          | 1 2 |  2.9
Charms         | 1 2 |  2.9
Summonings     | 1 2 |  2.9
Necromancy     | 1 2 |  2.9
Transmutations | 1 2 |  2.9
Fire Magic     | 1 2 |  2.9
Ice Magic      | 1 2 |  2.9
Air Magic      | 1 2 |  2.9
Earth Magic    | 1 2 |  2.9
Poison Magic   | 1 2 |  2.9
Short Blades   | 3 4 |  4.4
Throwing       | 3 4 |  4.4
Shields        | 3 4 |  4.4
Fighting       | 5 |  5.9
Stealth        | 5 |  5.5

Action                   |  1- 3 |  4- 6 |  7- 9 || total
-------------------------+-------+-------+-------++-------
Melee: Dagger            |    70 |   152 |   261 ||   483
       Bite              |     8 |    16 |    34 ||    58
       War axe           |       |       |    76 ||    76
 Fire: Hunting sling     |       |       |     5 ||     5
Throw: Dart              |     1 |     2 |       ||     3
       Stone             |     5 |     3 |    10 ||    18
  Use: Scroll            |       |     4 |     5 ||     9
       Potion            |       |     2 |     1 ||     3
 Stab: Sleeping          |     3 |     2 |     7 ||    12
  Eat: Ration            |     1 |       |     1 ||     2
       Chunk             |       |     4 |     9 ||    13
Armor: Robe              |     1 |       |       ||     1
       Leather armour    |     8 |     1 |       ||     9
       Ring mail         |       |    31 |    24 ||    55
       Skin              |       |     5 |     1 ||     6
       Scale mail        |       |       |    47 ||    47
Dodge: Dodged            |    19 |    63 |   114 ||   196
Block: Buckler           |    12 |    32 |    76 ||   120
